AoeStats
← Herby

Arena

508808275Analyzed
4v4 RM · 9d ago on Sep 24, 2026· 23m 7s· 8 players
Game mode
Random Map
Map size
Large (8 player)
Population
200
Speed
Normal
Resources
Standard
Victory
Conquest
Starting age
Dark Age
Ending age
Imperial Age
RankedLock teamsTeams togetherTeam positionsShared explorationLock speedFull tech treeHidden civsTurbo modeCheats
Victory
Defeat
🇲🇽 Romans · Mexico
1414
+13
🇲🇽 Danes · Mexico
1403
+13
🇲🇽 Bohemians · Mexico
1359
+15
🇺🇸 Varangians · United States
1326
+17
🇨🇴 Khmer · Colombia
1443
-19
🇨🇳 Spanish · China
1342
-14
🇺🇸 Italians · United States
1332
-14
🇺🇸 Georgians · United States
1256
-11
Villano91
10:31 Feudal Age
14:45 Castle Age
12:42 Double-Bit Axe
15:54 Loom
16:02 Fletching
17:10 Bow Saw
20:00 Fervor
Herby
9:43 Feudal Age
10:59 Loom
13:41 Castle Age
12:00 Double-Bit Axe
12:24 Gold Mining
14:46 Bow Saw
23:45 Ballistics
I ONLY MAKE SKIRMS
10:34 Feudal Age
14:11 Castle Age
12:04 Double-Bit Axe
12:15 Horse Collar
15:06 Bow Saw
21:47 Wheelbarrow
23:11 Hand Cart
[Pb] Komodo 3000
10:05 Feudal Age
13:37 Castle Age
15:12 Loom
16:25 Scale Mail Armor
16:30 Gambesons
17:12 Arson
21:42 Forging
22:31 Squires
23:59 Chain Mail Armor
AlDebaran
10:36 Feudal Age
11:53 Double-Bit Axe
11:55 Horse Collar
12:18 Loom
18:46 Castle Age
22:16 Castle Age
MrSmiley
10:27 Feudal Age
14:32 Castle Age
12:19 Loom
13:44 Double-Bit Axe
13:42 Horse Collar
15:30 Bow Saw
15:48 Heavy Plow
21:39 Redemption
maxwell54
10:19 Feudal Age
13:37 Castle Age
11:44 Double-Bit Axe
11:58 Horse Collar
13:52 Wheelbarrow
15:35 Bow Saw
15:58 Heavy Plow
21:05 Gold Mining
Mapo
9:23 Feudal Age
9:54 Double-Bit Axe
15:30 Castle Age
15:26 Loom
19:21 Horse Collar
Connection lost

Rejoining the realm…

Still unreachable

The connection could not be restored.

Session expired

The server has moved on; the page needs a fresh start.